 Dungeon Crawl Stone Soup version 0.28-a0-861-ge64d6db94f (webtiles) character file.

Game seed: 9470688668752896832

4 flotson the Sneak (level 1, 0/18 HPs)
             Began as a Demonspawn Delver on Nov 15, 2021.
             Slain by a quokka (4 damage)
             ... on level 2 of the Dungeon.
             The game lasted 00:01:50 (524 turns).

flotson the Sneak (Demonspawn Delver)                Turns: 524, Time: 00:01:50

Health: 0/18       AC:  3    Str: 12    XL:     1   Next: 58%
Magic:  1/1        EV: 11    Int: 11    God:
Gold:   6          SH:  0    Dex: 14    Spells: 0/0 levels left

rFire   . . .      SeeInvis .   e - +0 great mace
rCold   . . .      Faith    .   (shield currently unavailable)
rNeg    . . .      Spirit   .   b - +0 leather armour
rPois   .          Reflect  .   (no helmet)
rElec   .          Harm     .   (no cloak)
rCorr   .          Rampage  .   (no gloves)
Will    .....                   (no boots)
Stlth   ++........              (no amulet)
HPRegen 0.06/turn               (no ring)
MPRegen 0.07/turn               (no ring)

@: no status effects
A: no striking features
a: no special abilities


You were on level 2 of the Dungeon.
You visited 1 branch of the dungeon, and saw 4 of its levels.

You collected 6 gold pieces.

Inventory:

Hand Weapons
 a - a +0 hand axe
 e - a +0 great mace (weapon)
Missiles
 h - 25 sling bullets
Armour
 b - a +0 leather armour (worn)
Wands
 g - a wand of digging (3)
Scrolls
 c - a scroll of fog
 d - a scroll of magic mapping
 i - a scroll of enchant weapon {unknown}
 j - a scroll of identify {unknown}
Potions
 f - a potion of haste


   Skills:
 + Level 3.1 Fighting
 + Level 1.9 Axes
 + Level 0.2 Armour
 + Level 1.9 Dodging
 - Level 4.5 Stealth


You couldn't memorise any spells.
You didn't know any spells.
Your spell library was empty.

Dungeon Overview and Level Annotations

Branches:
Dungeon (5/15)
 Temple: D:4-7

Altars:
Wu Jian

Annotations:
D:3 1 runed translucent door, Crazy Yiuf


Message History

The fungus is lightly damaged.
You sock the fungus!
The fungus is lightly damaged.
A nearby fungus withers and dies.
Found a mace.
Found a runed translucent door.
You see here 25 stones.
Found 6 gold pieces.
Found a scroll labelled ASKUYM VAET.
Found a stone staircase leading up.
You now have 6 gold pieces.
A worm comes into view.
You see here a scroll labelled ASKUYM VAET.
j - a scroll labelled ASKUYM VAET A quokka comes into view.
The quokka twitches its whiskers.
You closely miss the quokka. The quokka closely misses you.
The quokka bites you.
You closely miss the quokka. The quokka misses you. x2
You completely miss the quokka.
The quokka bites you but does no damage.
You barely miss the quokka. The quokka closely misses you.
The quokka misses you. The quokka bites you.
You closely miss the quokka. The quokka bites you.
The quokka barely misses you.
You closely miss the quokka. The quokka bites you.
The quokka completely misses you.
There is a stone staircase leading up here.
The quokka misses you.
You climb upwards.
There is a stone staircase leading down here.
You barely miss the quokka. The quokka misses you. x2
You closely miss the quokka. The quokka misses you. The quokka bites you.
* * * LOW HITPOINT WARNING * * *
You barely miss the quokka.
The quokka bites you but does no damage.
The quokka barely misses you.
You barely miss the quokka. The quokka closely misses you.
The quokka bites you.
* * * LOW HITPOINT WARNING * * *
You barely miss the quokka. The quokka barely misses you. The quokka bites you.
You die...

..#+#
#.#.#
#...#
#...#
#...#
#...#
#.r.#
#..@#
#####


You could see a quokka.

Vanquished Creatures
  An endoplasm (D:4)
  A hobgoblin (D:4)
  A quokka (D:4)
  A frilled lizard (D:3)
4 creatures vanquished.

Vanquished Creatures (others)
  2 fungi (D:3)
2 creatures vanquished.

Grand Total: 6 creatures vanquished

Notes
Turn   | Place    | Note
-------+----------+-------------------------------------------
     0 | D:5      | flotson the Demonspawn Delver began the quest for the Orb.
     0 | D:5      | Reached XP level 1. HP: 18/18 MP: 1/1
    10 | D:5      | Found an ornate altar of the Wu Jian Council.
   414 | D:3      | Noticed a jelly
   440 | D:3      | Found a runed translucent door.
   441 | D:3      | Noticed Crazy Yiuf
   524 | D:2      | Slain by a quokka

Illustrated notes

Levels and vault maps discovered:
D:2:      layout_basic, nicolae_ecumenical_snake_handling, uniq_sigmund,
          uniq_terence
D:3:      layout_loops_ring, nicolae_overflow_crystal_walls, uniq_grinder,
          uniq_robin, uniq_crazy_yiuf_cottage
D:4:      layout_gridville
D:5:      layout_loops_corners, mainiacjoe_overflow_24_doors, uniq_eustachio,
          uniq_prince_ribbit1, uniq_menkaure

Action                   || total
-------------------------++-------
Melee: Great mace        ||    20
       Hand axe          ||    10
  Use: Scroll            ||     1
Armor: Leather armour    ||     4
Dodge: Dodged            ||    23

Table legend: (Time is in decaauts)
 A = Elapsed time spent in this place.
 B = Non-inter-level travel time spent in this place.
 C = Inter-level travel time spent in this place.
 D = Time resting spent in this place.
 E = Time spent auto-exploring this place.
 F = Levels seen in this place.
 G = Mean time per level.
                   A        B        C        D        E       F      G
               +--------+--------+--------+--------+--------+-----+--------+
         Total |    538 |    538 |      0 |    294 |     17 |   4 |  134.5 |
       Dungeon |    538 |    538 |      0 |    294 |     17 |   4 |  134.5 |
               +--------+--------+--------+--------+--------+-----+--------+

Top non-repeatable levels by time:
     D:5: 356 daAuts
     D:3: 127 daAuts
     D:4: 47 daAuts
     D:2: 7 daAuts
